 Dungeon Crawl Stone Soup version 0.27.0-1-g7a089689b8 (webtiles) character file.

Game seed: 16814192225242499394

2518 GordonOverkill the Fighter (level 9, -4/76 HPs)
             Began as a Human Delver on Aug 9, 2021.
             Was a Follower of Okawaru.
             Slain by an ogre (20 damage)
             ... on level 6 of the Dungeon.
             The game lasted 00:20:01 (9093 turns).

GordonOverkill the Fighter (Human Delver)           Turns: 9093, Time: 00:20:01

Health: -4/76      AC: 11    Str: 16    XL:     9   Next: 83%
Magic:  12/12      EV:  5    Int: 10    God:    Okawaru [*.....]
Gold:   245        SH: 12    Dex: 15    Spells: 11/11 levels left

rFire    . . .     SeeInvis +   b - +3 dagger (elec)
rCold    . . .     Faith    .   m - +2 kite shield
rNeg     . . .     Spirit   .   n - +0 chain mail
rPois    .         Reflect  .   i - +2 helmet
rElec    .         Harm     .   (no cloak)
rCorr    .         Rampage  .   (no gloves)
Will     .....                  (no boots)
Stlth    ..........             (no amulet)
HPRegen  0.22/turn              t - ring of see invisible
MPRegen  0.13/turn              (no ring)

@: very slightly contaminated
A: no striking features
a: Renounce Religion, Heroism


You were on level 6 of the Dungeon.
You worshipped Okawaru.
Okawaru was aware of your devotion.
You visited 2 branches of the dungeon, and saw 7 of its levels.
You also visited: Sewer and Ossuary.

You collected 455 gold pieces.
You spent 210 gold pieces at shops.

Inventory:

Hand Weapons
 a - a +0 hand axe
 b - a +3 dagger of electrocution (weapon)
 u - a +1 whip of electrocution
Missiles
 l - 19 poisoned darts (quivered)
Armour
 i - a +2 helmet (worn)
 m - a +2 kite shield (worn)
 n - a +0 chain mail (worn)
 y - a +2 robe of fire resistance
Jewellery
 t - a ring of see invisible (left hand)
Wands
 g - a wand of digging (9)
 w - a wand of iceblast (2)
Scrolls
 c - a scroll of fog
 d - 4 scrolls of magic mapping
 h - 2 scrolls of immolation
 k - a scroll of vulnerability
 o - a scroll of amnesia {unknown}
 p - a scroll of summoning {unknown}
 q - 2 scrolls of teleportation
 A - a scroll of noise {unknown}
Potions
 f - 3 potions of brilliance {unknown}
 j - a potion of flight
 r - a potion of might
 v - 7 potions of curing
 x - a potion of haste
 D - a potion of mutation {unknown}
 E - 2 potions of magic {unknown}


   Skills:
 + Level 9.3 Fighting
 - Level 3.0 Short Blades
 - Level 2.9 Axes
 - Level 2.0 Throwing
 + Level 3.0 Dodging
 - Level 5.0 Stealth
 - Level 5.0 Shields
 + Level 1.8 Spellcasting
 - Level 5.0 Invocations


You had 11 spell levels left.
You didn't know any spells.
Your spell library contained the following spells:

 Spells                   Type           Power      Damage    Failure   Level
 Ensorcelled Hibernation  Hex/Ice        0%         N/A       100%        2
 Spider Form              Tmut/Pois      0%         N/A       100%        3
 Stone Arrow              Conj/Erth      0%         3d7       100%        3
 Bolt of Magma            Conj/Fire/Erth 0%         4d4       100%        5
 Shadow Creatures         Summ           N/A        N/A       100%        6
 Shatter                  Erth           0%         3d5*      100%        9


Dungeon Overview and Level Annotations

Branches:
Dungeon (6/15)             Temple (1/1) D:4           Sewer (visited)
Ossuary (visited)

Altars:
Ashenzari
Cheibriados
Dithmenos
Elyvilon
Fedhas
Gozag
Hepliaklqana
Kikubaaqudgha
Makhleb
Nemelex Xobeh
Okawaru
Qazlal
Ru
Sif Muna
Trog
Uskayaw
Vehumet
Wu Jian
Xom
Yredelemnul
Zin
The Shining One

Shops:
D:5 ![


Message History

You closely miss Maggie.
Maggie is almost dead.
Maggie gives herself a magical halo, but it quickly sputters out.
Maggie gestures at you while chanting. The bolt of fire hits you!
* * * LOW HITPOINT WARNING * * *
You hit Maggie.
Maggie is almost dead.
Maggie gestures at you while chanting. The bolt of fire hits you!!
* * * LOW HITPOINT WARNING * * *
You fade into invisibility!
The centaur wields a +0 shortbow.
The centaur shoots an arrow.
The arrow hits Maggie!
You break out of your daze!
Maggie dies!
You are very lightly contaminated with residual magic.
Your Spellcasting skill increases to level 1!
The centaur shoots an arrow.
The arrow barely misses you.
The centaur shoots an arrow.
As you read the scroll of fear, it crumbles to dust.
You assume a fearsome visage.
The centaur looks frightened!
You flicker for a moment.
The centaur shouts!
You hit the centaur.
Your attack snaps the centaur out of its fear.
The centaur is lightly wounded.
The centaur unwields a +0 shortbow.
The centaur hits you but does no damage.
The centaur barely misses you. You block the centaur's attack.
The centaur kicks you.
* * * LOW HITPOINT WARNING * * *
You strike the helpless centaur from behind!
You impale the centaur!!
You kill the centaur!
Okawaru accepts your kill.
Your Dodging skill increases to level 3!
You flicker back into view.
The ogre hits you with a +0 giant club!!
You die...

*,*,* *,* #..#.##..#** *,*,*
#.# #..#..##..#* *,*,*
**####.#####..'..!##..,
*,*,**#,,...........#..##,,**
*,,,,,,.##.....####.#.##,,**
***,,,,,.......)....###,.,*
*******#.....###..#*..#,*
#.....# #..#..#*,*
###@#####)...###,*
#.O............*
#######.#######* #.# #.# #.#
* #.#********* #..,,,,,,,,,
*##*********


You could see an ogre.

Vanquished Creatures
  Pikel (D:4)
  Sigmund (D:4)
  A water moccasin (Sewer)
  A black bear (D:5)
  An ogre (D:4)
  2 centaurs
  A lemure (D:4)
  A phantom (D:4)
  Blork the orc (D:6)
  A kobold brigand (D:6)
  2 scorpions
  A water moccasin skeleton (D:5)
  3 killer bees (D:5)
  5 wights
  2 hounds
  2 bullfrog skeletons
  Jessica (D:3)
  Natasha (thrice) (D:4)
  9 mummies
  A howler monkey skeleton (D:5)
  4 gnolls
  6 adders
  A white imp (D:6)
  An ufetubus (D:5)
  3 worms
  5 orcs
  3 ball pythons
  8 endoplasms
  A giant cockroach (D:2)
  2 gnoll zombies (Ossuary)
  3 goblins
  6 hobgoblins
  4 jackals
  5 bats
  3 frilled lizards
  A hobgoblin zombie (Ossuary)
  6 kobolds
  3 kobold zombies (Ossuary)
  2 orc zombies (Ossuary)
  4 rats
111 creatures vanquished.

Vanquished Creatures (others)
  Maggie (D:6)
1 creature vanquished.

Grand Total: 112 creatures vanquished

Notes
Turn   | Place    | Note
-------+----------+-------------------------------------------
     0 | D:5      | GordonOverkill the Human Delver began the quest for the
                  | Orb.
     0 | D:5      | Reached XP level 1. HP: 18/18 MP: 1/1
    10 | D:5      | Noticed a wight
    11 | D:5      | Noticed a wight
   311 | D:4      | Noticed a centaur
   317 | D:4      | Noticed Natasha
   340 | D:3      | Reached XP level 2. HP: 24/24 MP: 2/2
   996 | D:3      | Noticed Jessica
  1481 | D:1      | Reached XP level 3. HP: 24/29 MP: 3/3
  1699 | D:1      | Found a faded altar of an unknown god.
  2671 | D:2      | Reached skill level 1 in Throwing
  3172 | D:3      | Noticed a scorpion
  3180 | D:2      | Killed a scorpion
  3181 | D:2      | Reached skill level 1 in Short Blades
  3181 | D:2      | Reached XP level 4. HP: 37/37 MP: 4/4
  3181 | D:2      | Reached XP level 5. HP: 42/42 MP: 5/5
  3504 | D:3      | Killed Jessica
  3505 | D:3      | Reached skill level 4 in Fighting
  3715 | D:3      | Found a glowing golden altar of the Shining One.
  3821 | D:3      | Reached skill level 1 in Shields
  3998 | D:4      | Reached XP level 6. HP: 48/48 MP: 6/6
  4038 | D:4      | Noticed Sigmund
  4158 | D:4      | Noticed an ogre
  4728 | D:4      | Killed an ogre
  4729 | D:4      | Reached XP level 7. HP: 18/55 MP: 7/7
  4883 | D:4      | Reached skill level 5 in Fighting
  5047 | D:4      | Killed Natasha
  5099 | D:4      | Noticed Natasha
  5107 | D:4      | Killed Natasha
  5203 | D:4      | Killed Sigmund
  5442 | D:4      | Noticed Natasha
  5453 | D:4      | Killed Natasha
  5454 | D:4      | Reached XP level 8. HP: 63/64 MP: 8/8
  5481 | D:4      | Noticed Pikel
  5498 | D:4      | Killed Pikel
  5499 | D:4      | Reached skill level 7 in Fighting
  5499 | D:4      | Reached skill level 5 in Shields
  5518 | D:4      | Found a staircase to the Ecumenical Temple.
  5528 | Temple   | Entered the Ecumenical Temple
  5788 | Temple   | Became a worshipper of Warmaster Okawaru
  6009 | D:5      | Reached skill level 1 in Invocations
  6310 | D:5      | Reached skill level 8 in Fighting
  6310 | D:5      | Reached XP level 9. HP: 67/72 MP: 10/10
  6397 | D:5      | Found Hioxt's Antique Armour Shop.
  6750 | D:5      | Found Eziestriwk's Distillery.
  7572 | D:5      | Found Hioxt's Antique Armour Shop.
  8121 | D:5      | Bought a potion of curing for 45 gold pieces
  8121 | D:5      | Bought a potion of heal wounds for 75 gold pieces
  8121 | D:5      | Bought a potion of curing for 45 gold pieces
  8121 | D:5      | Bought a potion of curing for 45 gold pieces
  8201 | D:6      | Reached * piety under Okawaru
  8298 | D:6      | Noticed Blork the orc
  8308 | D:6      | Killed Blork the orc
  8327 | D:6      | Found a glowing drain.
  8377 | Sewer    | Entered a sewer
  8438 | Sewer    | Reached skill level 9 in Fighting
  8438 | Sewer    | Reached skill level 5 in Invocations
  8551 | D:6      | Found a sand-covered staircase.
  8559 | Ossuary  | Entered an ossuary
  9064 | D:6      | Noticed Maggie
  9078 | D:6      | Killed Maggie
  9079 | D:6      | Reached skill level 1 in Spellcasting
  9093 | D:6      | Slain by an ogre

Illustrated notes

Levels and vault maps discovered:
D:1:      psy_arrival_wood_between_worlds, layout_basic, basic_ecumenical_altar,
          chequers_serial_rivers_micro_c, fountainhead
D:2:      layout_basic, serial_corexii_hall, corexii_hall_statues_deadend,
          chequers_hall_statues_y
D:3:      layout_basic, mainiacjoe_overflow_alcove_2, uniq_jessica
D:4:      layout_basic, minmay_temple_entry_mist, mrwooster_statue_mirror,
          chequers_serial_rivers_micro_e, nicolae_underground_beach, uniq_pikel,
          uniq_sigmund, uniq_natasha
D:5:      layout_basic, serial_shops, shop, nicolae_take_the_stairs,
          grunt_decor_one_mirror
D:6:      minmay_chambers_of_fours, layout_loops_ring,
          cheibrodos_sewer_entry_bend, gup_ossuary_entry_pyramid,
          minmay_misc_feat_chi, st_stairs_11, corexii_shack,
          hangedman_minor_gate_pass, uniq_blork_the_orc, uniq_maggie
Temple:   nicolae_temple_the_god_donut

Skill      XL: |  1  2  3  4  5  6  7  8  9 |
---------------+----------------------------+-----
Throwing       | 1 2 |  2.0
Short Blades   | 1 2 3 |  3.0
Fighting       | 4 5 8 9 |  9.3
Shields        | 1 2 4 5 |  5.0
Invocations    | 2 5 |  5.0
Spellcasting   | 1 |  1.8
Dodging        | 3 |  3.0
Axes           | |  2.9
Stealth        | |  5.0

Action                   |  1- 3 |  4- 6 |  7- 9 || total
-------------------------+-------+-------+-------++-------
Melee: Hand axe          |    67 |       |       ||    67
       Dagger            |    29 |    59 |   299 ||   387
Throw: Dart              |    37 |    18 |    37 ||    92
Invok: Heroism           |       |       |     1 ||     1
Evoke: Wand              |       |       |     7 ||     7
  Use: Scroll            |     8 |     2 |     8 ||    18
       Potion            |     1 |       |     5 ||     6
 Stab: Sleeping          |     1 |       |       ||     1
       Invisible         |       |       |     1 ||     1
Armor: Leather armour    |     8 |       |       ||     8
       Chain mail        |    28 |    33 |   106 ||   167
Dodge: Dodged            |    47 |     8 |    51 ||   106
Block: Kite shield       |       |    44 |   157 ||   201
